 Dungeon Crawl Stone Soup version 0.28.0 (webtiles) character file.

Game seed: 12119085106503148792

6302 trckry the Purifying Draconian (level 10, -2/69 HPs)
             Began as a Pale Draconian Conjurer on Feb 8, 2022.
             Was a High Priest of Elyvilon.
             Slain by an orc warrior (12 damage)
             ... on level 9 of the Dungeon.
             The game lasted 00:33:35 (9926 turns).

trckry the Purifying Draconian (DrCj)               Turns: 9926, Time: 00:33:36

Health: -2/69      AC: 19    Str:  9    XL:     10   Next: 63%
Magic:  10/18      EV: 12    Int: 33    God:    Elyvilon [*****.]
Gold:   483        SH:  0    Dex: 13    Spells: 7/19 levels left

rFire   . . .      SeeInvis +   g - +2 scythe (venom)
rCold   . . .      Faith    .   (shield currently unavailable)
rNeg    . . .      Spirit   .   (armour unavailable)
rPois   .          Reflect  .   (helmet restricted)
rElec   .          Harm     .   k - +0 cloak
rCorr   .          Rampage  .   f - +0 pair of gloves
Will    .....                   j - +0 pair of boots of Biakab {Int+4 Dex+3}
Stlth   ++........              c - amulet of magic regeneration
HPRegen 0.21/turn               e - ring of see invisible
MPRegen 0.56/turn               w - +6 ring of intelligence

@: ice-armoured
A: breathe steam, AC +7, unfitting armour, cold-blooded, steam resistance
a: Breathe Steam, Renounce Religion, Purification, Heal Other, Heal Self, Divine
Vigour


You were on level 9 of the Dungeon.
You worshipped Elyvilon.
Elyvilon was extremely pleased with you.
You visited 2 branches of the dungeon, and saw 10 of its levels.
You also visited: Ossuary.

You collected 483 gold pieces.

Inventory:

Hand Weapons
 g - a +2 scythe of venom (weapon)
Missiles
 b - 22 poisoned darts (quivered)
Armour
 f - a +0 pair of gloves (worn)
 j - the +0 pair of boots of Biakab (worn) {Int+4 Dex+3}
   (You found it on level 3 of the Dungeon)

   Int:       It affects your intelligence (+4).
   Dex:       It affects your dexterity (+3).
 k - a +0 cloak (worn)
Magical Staves
 o - a staff of cold
Jewellery
 c - an amulet of magic regeneration (around neck)
 e - a ring of see invisible (left hand)
 v - a ring of resist corrosion
 w - a +6 ring of intelligence (right hand)
 B - a +4 ring of protection
Wands
 t - a wand of iceblast (11)
 A - a wand of polymorph (5)
 C - a wand of digging (5)
 D - a wand of charming (10)
Scrolls
 a - 3 scrolls of teleportation {unknown}
 d - 4 scrolls of fog {unknown}
 h - 3 scrolls of identify {unknown}
 i - 2 scrolls of enchant weapon {unknown}
 l - a scroll of silence {unknown}
 m - 2 scrolls of noise {unknown}
 n - a scroll of fear {unknown}
 q - 3 scrolls of vulnerability {unknown}
 r - a scroll of amnesia {unknown}
 y - a scroll of torment {unknown}
 z - a scroll of immolation {unknown}
 E - a scroll of summoning {unknown}
 F - a scroll of blinking {unknown}
 G - a scroll of enchant armour {unknown}
Potions
 p - 2 potions of flight {unknown}
 s - 3 potions of lignification {unknown}
 u - 2 potions of might {unknown}
 x - 3 potions of heal wounds {unknown}
 H - 2 potions of brilliance {unknown}
 I - a potion of haste {unknown}
 J - 2 potions of attraction {unknown}


   Skills:
 - Level 2.0 Dodging
 - Level 2.0 Stealth
 - Level 5.0 Spellcasting
 + Level 10.0 Conjurations
 + Level 7.1 Ice Magic
 * Level 11.0 Invocations


You had 7 spell levels left.
You knew the following spells:

 Your Spells              Type           Power      Damage    Failure   Level
a - Magic Dart            Conj           100%       1d8       1%          1
b - Searing Ray           Conj           100%       2d8       1%          2
c - Dazzling Flash        Conj/Hex       82%        N/A       1%          3
d - Frozen Ramparts       Ice            100%       1d12      1%          3
e - Ozocubu's Armour      Ice            53%        N/A       1%          3

Your spell library contained the following spells:

 Spells                   Type           Power      Damage    Failure   Level
 Freeze                   Ice            100%       1d11      1%          1
 Ensorcelled Hibernation  Hex/Ice        62%        N/A       1%          2
 Hailstorm                Conj/Ice       59%        3d13      1%          4
 Fulminant Prism          Conj/Hex       20%        3d13      6%          4
 Iskenderun's Mystic Bla  Conj/Tloc      41%        2d9       6%          4
 Summon Ice Beast         Ice/Summ       31%        N/A       11%         4
 Spider Form              Tmut/Pois      8%         N/A       14%         3
 Anguish                  Hex/Necr       4%         N/A       43%         4
 Passage of Golubria      Tloc           8%         N/A       43%         4
 Silence                  Hex/Air        4%         N/A       78%         5
 Summon Mana Viper        Hex/Summ       8%         N/A       78%         5
 Monstrous Menagerie      Summ           4%         N/A       100%        7
 Lehudib's Crystal Spear  Conj/Erth      20%        10d6      100%        8


Dungeon Overview and Level Annotations

Branches:
Dungeon (9/15)             Temple (1/1) D:7         Ossuary (visited)
   Lair: D:8-11         Orc: D:9-12

Altars:
Ashenzari
Cheibriados
Dithmenos
Elyvilon
Fedhas
Gozag
Hepliaklqana
Kikubaaqudgha
Makhleb
Nemelex Xobeh
Okawaru
Qazlal
Ru
Trog
Vehumet
Wu Jian
Xom
Yredelemnul
Zin
The Shining One

Shops:
D:1 :

Annotations:
D:4 2 transporters
D:8 2 transporters


Innate Abilities, Weirdness & Mutations

You can breathe blasts of scalding, opaque steam.
Your pale cyan-grey scales are hard. (AC +7)
You cannot fit into any form of body armour.
You are cold-blooded and may be slowed by cold attacks.
You are immune to the effects of steam.


Message History

Casting: Searing Ray (safe; 1% risk of failure)
Confirm with . or Enter, or press ? or * to list all spells.
A film of ice covers your body!
Casting: Ozocubu's Armour (safe; 1% risk of failure)
Confirm with . or Enter, or press ? or * to list all spells.
Aiming: Searing Ray (safe; 1% risk of failure)
Press: ? - help, Shift-Dir - straight line, f - orc warrior
Aim: an orc warrior, wielding a +3 mace and wearing a +0 plate armour (83% to hit)
The searing ray hits the orc warrior.
The orc warrior is moderately wounded. (Press . to maintain the ray.)
The searing ray hits the orc warrior but does no damage.
The orc warrior is moderately wounded.
The searing ray hits the orc warrior.
The orc warrior is heavily wounded.
The orc warrior hits you with a +3 mace.
* * * LOW HITPOINT WARNING * * *
The searing ray misses the orc warrior.
You finish channelling your searing ray.
The orc warrior hits you with a +3 mace.
* * * LOW HITPOINT WARNING * * *
The orc warrior closely misses you.
Casting: Searing Ray (safe; 1% risk of failure)
Confirm with . or Enter, or press ? or * to list all spells.
Aiming: Searing Ray (safe; 1% risk of failure)
Press: ? - help, Shift-Dir - straight line, f/p - orc warrior
Aim: an orc warrior, wielding a +3 mace and wearing a +0 plate armour (heavily wounded, 83% to hit)
The searing ray hits the orc warrior.
The orc warrior is heavily wounded. (Press . to maintain the ray.)
The orc warrior hits you with a +3 mace.
* * * LOW HITPOINT WARNING * * *
The searing ray hits the orc warrior.
The orc warrior is severely wounded.
You hear the steady creaking of a very distant portcullis.
The orc warrior closely misses you.
The searing ray hits the orc warrior but does no damage.
The orc warrior is severely wounded.
The orc warrior hits you with a +3 mace!
You die...

#..$...... ......... ..
....... ... #.....#
.... #####.....###....
##..##............
###....###..##[....
#.......##.@...###
##.......)o<)))..#
#.......)###.).....
#..#...))# #.....#
###..#...####..#...
##.............# ..
#............... . ###
#.o..............
##.###..##............g


You could see an orc warrior.

Vanquished Creatures
  Maggie (D:8)
  Sigmund (D:3)
  2 wyverns
  10 yaks (D:8)
  A steam dragon (D:8)
  Eustachio (D:6)
  Menkaure (D:4)
  Edmund (D:4)
  An acid dragon (D:8)
  2 water moccasins (D:7)
  A sky beast (D:5)
  A black bear (D:5)
  5 orc warriors
  5 ogres
  A centaur (D:6)
  A phantom (D:6)
  The ghost of horus123 the Magician, an amateur DECj (D:3)
  A gnoll sergeant (D:9)
  3 bullfrogs
  A kobold brigand (D:9)
  A scorpion (D:6)
  3 killer bees (D:8)
  8 wights
  2 howler monkeys (D:7)
  3 centaur zombies
  A centaur skeleton (D:7)
  A gnoll shaman (D:5)
  4 orc priests
  3 hounds
  Crazy Yiuf (D:6)
  A bullfrog skeleton (D:7)
  3 iguanas
  9 orc wizards
  A hound skeleton (D:5)
  5 mummies (Ossuary)
  2 howler monkey zombies
  12 gnolls
  6 adders
  2 white imps
  2 ufetubi
  A worm (D:4)
  3 dart slugs
  35 orcs
  5 bats
  9 endoplasms
  A giant cockroach (D:4)
  12 goblins
  9 hobgoblins
  7 jackals (D:1)
  13 kobolds
  2 quokkas
  8 ball pythons
  5 frilled lizards
  3 hobgoblin zombies (Ossuary)
  A jackal skeleton (D:4)
  5 rats
230 creatures vanquished.

Vanquished Creatures (others)
  10 plants (D:6)
10 creatures vanquished.

Grand Total: 240 creatures vanquished

Notes
Turn   | Place    | Note
-------+----------+-------------------------------------------
     0 | D:1      | trckry the Draconian Conjurer began the quest for the Orb.
     0 | D:1      | Reached XP level 1. HP: 14/14 MP: 3/3
   342 | D:1      | Reached XP level 2. HP: 20/20 MP: 3/5
   370 | D:1      | Found a faded altar of an unknown god.
   557 | D:1      | HP: 3/20 [jackal (3)]
   944 | D:1      | Prayed at the altar of an unknown god.
   944 | D:1      | Became a worshipper of Elyvilon the Healer
   944 | D:1      | Reached * piety under Elyvilon
  1081 | D:1      | Reached XP level 3. HP: 26/26 MP: 2/6
  1340 | D:1      | Found Barphom's Book Shoppe.
  1793 | D:1      | Learned a level 2 spell: Searing Ray
  1797 | D:1      | Learned a level 3 spell: Dazzling Flash
  1810 | D:2      | Reached skill level 1 in Invocations
  1858 | D:2      | Reached ** piety under Elyvilon
  1876 | D:2      | Reached XP level 4. HP: 33/33 MP: 2/7
  2101 | D:2      | Got the Compendium of Supportive Snow
  2153 | D:3      | Noticed Sigmund
  2270 | D:3      | Killed Sigmund
  2271 | D:3      | Reached skill level 5 in Conjurations
  2271 | D:3      | Reached skill level 3 in Invocations
  2271 | D:3      | Reached XP level 5. HP: 29/38 MP: 5/9
  2438 | D:3      | Identified the +0 pair of boots of Biakab {Int+4 Dex+3}
  2650 | D:3      | Found a large runed translucent door.
  2650 | D:3      | Found a large runed translucent door.
  2652 | D:3      | Noticed horus123's ghost (amateur DECj)
  2663 | D:3      | Killed horus123's ghost
  2664 | D:3      | Reached XP level 6. HP: 36/45 MP: 4/10
  2747 | D:3      | Reached *** piety under Elyvilon
  2935 | D:4      | Found a transporter.
  2971 | D:4      | Noticed Edmund
  3163 | D:4      | Killed Edmund
  3164 | D:4      | Reached skill level 4 in Invocations
  3198 | D:4      | Noticed Menkaure
  3419 | D:4      | Your scales start taking on a pale cyan-grey colour.
  3419 | D:4      | Reached XP level 7. HP: 48/49 MP: 6/12
  3419 | D:4      | Gained mutation: You are immune to the effects of steam.
                  | [Pale Draconian growth]
  3569 | D:4      | Found a transporter.
  3631 | D:4      | Killed Menkaure
  3632 | D:4      | Reached skill level 5 in Invocations
  4452 | D:4      | Learned a level 3 spell: Frozen Ramparts
  4457 | D:4      | Learned a level 3 spell: Ozocubu's Armour
  4469 | D:5      | Entered Level 5 of the Dungeon
  4499 | D:5      | Reached skill level 1 in Ice Magic
  4740 | D:5      | Reached XP level 8. HP: 57/57 MP: 10/14
  4803 | D:5      | Reached **** piety under Elyvilon
  5054 | D:5      | Reached skill level 6 in Invocations
  5490 | D:5      | Found a glowing silver altar of Zin.
  5490 | D:5      | Found a broken altar of Ashenzari.
  5950 | D:6      | Noticed Eustachio
  5962 | D:6      | Killed Eustachio
  6207 | D:6      | Reached skill level 7 in Invocations
  6285 | D:6      | Reached XP level 9. HP: 36/62 MP: 8/16
  6422 | D:6      | Found a hazy altar of Hepliaklqana.
  6545 | D:6      | Reached ***** piety under Elyvilon
  6555 | D:6      | Reached skill level 5 in Spellcasting
  6800 | D:6      | Found a stormy altar of Qazlal.
  6814 | D:6      | Found a runed translucent door.
  6815 | D:6      | Noticed Crazy Yiuf
  6821 | D:6      | Killed Crazy Yiuf
  7126 | D:7      | Found a staircase to the Ecumenical Temple.
  7135 | Temple   | Entered the Ecumenical Temple
  7272 | Temple   | Reached skill level 5 in Ice Magic
  7573 | D:7      | Reached skill level 8 in Invocations
  7577 | D:7      | HP: 6/56 [wight (4)]
  7597 | D:7      | HP: 5/58 [wight (5)]
  8181 | D:7      | Found a shadowy altar of Dithmenos.
  8455 | D:8      | Found a transporter.
  8457 | D:8      | Found a transporter.
  8458 | D:8      | Noticed a boulder beetle
  8511 | D:8      | Found a sand-covered staircase.
  8534 | D:8      | Reached skill level 9 in Invocations
  8540 | D:8      | Reached XP level 10. HP: 69/69 MP: 10/17
  8600 | Ossuary  | Entered an ossuary
  8770 | D:8      | Noticed Maggie
  8786 | D:8      | Killed Maggie
  9279 | D:8      | Reached skill level 10 in Invocations
  9873 | D:9      | Elyvilon protects you from harm!
  9875 | D:9      | Reached skill level 10 in Conjurations
  9880 | D:9      | Reached skill level 11 in Invocations
  9924 | D:9      | HP: 10/69 [orc warrior (3)]
  9926 | D:9      | Slain by an orc warrior

Illustrated notes

Levels and vault maps discovered:
D:1:      dpeg_arrival_yet_another_circle, layout_basic,
          ebering_ecumenical_altar_webs, serial_shops,
          nicolae_shop_behind_doors, glass_columns_b,
          minmay_misc_feat_secret_circle
D:2:      layout_rooms
D:3:      layout_rooms, ebering_ghost_disaster_area, kennysheep_generic_room_6,
          uniq_sigmund
D:4:      gammafunk_steamed_eel, layout_layer_cave, uniq_edmund, uniq_menkaure
D:5:      layout_layer_cave, gammafunk_temple_overflow_elements, hex_tiny
D:6:      layout_loops_ring, nicolae_hepliaklqana_hazy_memory,
          nicolae_qazlal_style_of_elements, minmay_ogre_servants,
          uniq_eustachio, uniq_crazy_yiuf_cottage
D:7:      layout_gridville, grunt_dithmenos_smoke_and_mirrors,
          minmay_temple_entry_wispy
D:8:      gammafunk_boulding_lane, layout_rooms, nicolae_ossuary_entry_monument,
          serial_curves, eino_curves_01, eino_curves_01,
          kennysheep_generic_room_4, uniq_maggie
D:9:      layout_cave_pools, nicolae_uskayaw_suspiria,
          mainiacjoe_overflow_boulevard, hiddenorc2_lemuel, enter_bailey_3
Temple:   regret_index_temple_waves

Skill      XL: |  1  2  3  4  5  6  7  8  9 10 |
---------------+-------------------------------+-----
Stealth        | 2 |  2.0
Dodging        | 2 |  2.0
Invocations    | 1 3 4 5 7 9 11 | 11.0
Spellcasting   | 3 4 5 |  5.0
Conjurations   | 5 6 7 8 9 10 | 10.0
Ice Magic      | 1 4 5 7 |  7.1

Action                   |  1- 3 |  4- 6 |  7- 9 | 10-12 || total
-------------------------+-------+-------+-------+-------++-------
Melee: Scythe            |       |     2 |    18 |       ||    20
       Tailslap          |       |       |     1 |       ||     1
 Cast: Magic Dart        |    83 |    37 |    15 |    12 ||   147
       Searing Ray       |     4 |    19 |    70 |    40 ||   133
       Ozocubu's Armour  |       |       |     4 |     4 ||     8
Invok: Heal Self         |       |       |       |     1 ||     1
 Abil: Breathe Steam     |       |       |     3 |     3 ||     6
Armor: Skin              |    50 |     7 |    50 |    32 ||   139
Dodge: Dodged            |    96 |    13 |    76 |    41 ||   226
